 Dungeon Crawl Stone Soup version 0.25-a0-782-g655279ceaa (webtiles) character file.

Game seed: 8926252395949555998, levelgen mode: deterministic

121 Hasart the Chiller (level 4, -1/24 HPs)
             Began as a Deep Elf Ice Elementalist on Apr 16, 2020.
             Slain by a hobgoblin (5 damage)
             ... led by Robin
             ... on level 2 of the Dungeon.
             The game lasted 00:07:36 (2078 turns).

Hasart the Chiller (Deep Elf Ice Elementalist)      Turns: 2078, Time: 00:07:36

Health: -1/24      AC:  4    Str:  5    XL:     4   Next: 76%
Magic:  12/12      EV: 15    Int: 21    God:
Gold:   60         SH:  0    Dex: 15    Spells: 3/11 levels left

rFire    . . .     SeeInvis .   a - +0 dagger (drain)
rCold    + . .     Gourm    .   (no shield)
rNeg     . . .     Faith    .   l - +0 leather armour {rC+}
rPois    .         Spirit   .   (no helmet)
rElec    .         Reflect  .   (no cloak)
rCorr    .         Harm     .   k - +0 pair of gloves
MR       .....                  (no boots)
Stlth    ++........             (no amulet)
HPRegen  0.08/turn              e - +3 ring of evasion
MPRegen  0.13/turn              (no ring)

@: lightly drained
A: no striking features
a: no special abilities


You were on level 2 of the Dungeon.
You were not hungry.

You visited 1 branch of the dungeon, and saw 3 of its levels.

You collected 60 gold pieces.

Inventory:

Hand Weapons
 a - a +0 dagger of draining (weapon)
Armour
 k - a +0 pair of gloves (worn)
 l - a +0 leather armour of cold resistance (worn)
Jewellery
 e - a +3 ring of evasion (left hand)
Scrolls
 b - a scroll of fog {unknown}
 g - 2 scrolls of amnesia {unknown}
 h - 3 scrolls of remove curse {unknown}
Potions
 f - a potion of magic {unknown}
 j - 2 potions of curing {unknown}
Comestibles
 c - a ration


   Skills:
 + Level 3.7(3.1) Dodging
 - Level 2.4(1.8) Stealth
 + Level 4.2(3.6) Spellcasting
 + Level 0.0 Summonings
 * Level 5.7(5.1) Ice Magic


You had 3 spell levels left.
You knew the following spells:

 Your Spells              Type           Power        Failure   Level  Hunger
a - Freeze                Ice            ####         2%          1    None
b - Frozen Ramparts       Ice            ####..       8%          3    ###....
c - Summon Ice Beast      Ice/Summ       ##......     58%         4    ####...

Your spell library contained the following spells:

 Spells                   Type           Power        Failure   Level  Hunger
 Ozocubu's Armour         Chrm/Ice       ##......     22%         3    ###....
 Hailstorm                Conj/Ice       ##......     58%         4    ####...


Dungeon Overview and Level Annotations

Branches:
Dungeon (3/15)

Altars:
Ru
Sif Muna

Annotations:
D:3 Ijyb, Jessica, Robin


Message History

Jessica shouts!
Jessica zaps a wand.
The puff of flame hits you!
* * * LOW HITPOINT WARNING * * *
The kobold throws a stone.
The stone hits you.
* * * LOW HITPOINT WARNING * * *
You see here a stone.
The kobold throws a stone.
The stone closely misses you. The hobgoblin barely misses you.
The hobgoblin closely misses you. The rat barely misses you.
There is a stone staircase leading up here.
Unknown command.
The hobgoblin hits you but does no damage.
The rat bites you.
* * * LOW HITPOINT WARNING * * *
The hobgoblin closely misses you. The kobold closely misses you.
The goblin closely misses you.
You climb upwards.
There is a stone staircase leading down here.
The hobgoblin hits you.
You die...

########## #.<......#
#........# #........#
#### #..g.....###..#
#..K>gr..##.#.# ######
#...g@..##.##.###(....
#.......#.##......#...
######..##.########...
#.#.### #... #.#..##
#... #.#...## #...
#.#.#..# ###.
#[#.##.### #..
#.#......# ###..


You could see 2 hobgoblins, a goblin, a kobold and a rat.

Vanquished Creatures
  An orc wizard (D:2)
  3 adders
  2 worms (D:2)
  4 dart slugs
  3 leopard geckos
  3 orcs
  A giant cockroach (D:1)
  5 hobgoblins
  A quokka (D:2)
  2 bats
  A frilled lizard (D:2)
  7 goblins
  7 kobolds
  9 rats
49 creatures vanquished.

Notes
Turn   | Place    | Note
-------+----------+-------------------------------------------
     0 | D:1      | Hasart the Deep Elf Ice Elementalist began the quest for
                  | the Orb.
     0 | D:1      | Reached XP level 1. HP: 10/10 MP: 6/6
    90 | D:1      | Reached XP level 2. HP: 11/15 MP: 1/8
   769 | D:2      | Reached skill level 5 in Ice Magic
   769 | D:2      | Reached XP level 3. HP: 17/19 MP: 7/10
  1272 | D:2      | Found a sacrificial altar of Ru.
  1272 | D:2      | Found a shimmering blue altar of Sif Muna.
  1505 | D:2      | Learned a level 3 spell: Frozen Ramparts
  1533 | D:3      | Noticed Ijyb
  1535 | D:3      | Noticed Jessica
  1542 | D:3      | Noticed an ice beast
  1793 | D:2      | Reached XP level 4. HP: 23/24 MP: 8/11
  1930 | D:2      | Learned a level 4 spell: Summon Ice Beast
  2058 | D:3      | Noticed Robin
  2078 | D:2      | Slain by a hobgoblin

Levels and vault maps discovered:
D:1:      ncdulo_smallfort, layout_basic
D:2:      layout_rooms, gammafunk_temple_overflow_elements,
          minmay_misc_feat_square, amethyst_killhole
D:3:      layout_rooms, serial_forest, infiniplex_forest_lined_corner,
          infiniplex_forest_lined_corner, infiniplex_forest_end_2,
          infiniplex_forest_corner_2, infiniplex_forest_clump_diagonal,
          uniq_ijyb, uniq_robin, uniq_jessica

Skill      XL: |  1  2  3  4 |
---------------+-------------+-----
Dodging        | 3 |  3.7
Ice Magic      | 5 |  5.7
Spellcasting   | 4 |  4.2
Stealth        | |  2.4

Action                   |  1- 3 |  4- 6 || total
-------------------------+-------+-------++-------
Melee: Spear             |     9 |       ||     9
 Cast: Freeze            |    63 |    19 ||    82
  Eat: Chunk             |     2 |     1 ||     3
Armor: Robe              |     3 |       ||     3
       Leather armour    |     2 |     7 ||     9
Dodge: Dodged            |    33 |    35 ||    68

Table legend:
 A = Non-vault XP
 B = Vault XP
 C = Vault XP percentage of total XP
 D = Non-vault monster count
 E = Vault monster count
 F = Vault count percentage of total count
                 A         B        C        D         E       F
            +---------+---------+-------+---------+---------+-------
      Total |     171 |       2 |   1.2 |      48 |       1 |   2.0
            +---------+---------+-------+---------+---------+-------
        D:1 |      33 |       0 |   0.0 |      20 |       0 |   0.0
        D:2 |     104 |       2 |   1.9 |      20 |       1 |   4.8
        D:3 |      34 |       0 |   0.0 |       8 |       0 |   0.0
            +---------+---------+-------+---------+---------+-------
